 Dungeon Crawl Stone Soup version 0.27.1-1-g398f81649c (webtiles) character file.

Game seed: 17966294464273155594

8131 nxtlvl the Grappler (level 11, -14/93 HPs)
             Began as a Green Draconian Monk on Sept 21, 2021.
             Was a Believer of Uskayaw.
             Demolished by a boulder beetle (16 damage)
             ... on level 2 of the Lair of Beasts.
             The game lasted 00:43:09 (4311 turns).

nxtlvl the Grappler (Green Draconian Monk)          Turns: 4311, Time: 00:43:10

Health: -14/93     AC: 11    Str: 14    XL:     11   Next: 5%
Magic:  0/26       EV: 14    Int: 14    God:    Uskayaw [**....]
Gold:   339        SH:  0    Dex: 13    Spells: 10/10 levels left

rFire    . . .     SeeInvis .     - Unarmed
rCold    . . .     Faith    .   (no shield)
rNeg     . . .     Spirit   +   (armour unavailable)
rPois    +         Reflect  .   (helmet restricted)
rElec    .         Harm     .   (no cloak)
rCorr    .         Rampage  .   (no gloves)
Will     .....                  (no boots)
Stlth    ++........             q - amulet of guardian spirit
HPRegen  0.25/turn              w - ring of magical power
MPRegen  0.20/turn              y - +4 ring of protection

@: short of breath
A: breathe noxious fumes, AC +7, unfitting armour, poison resistance,
cold-blooded
a: Breathe Noxious Fumes, Renounce Religion, Stomp, Line Pass


You were on level 2 of the Lair of Beasts.
You worshipped Uskayaw.
Uskayaw was aware of your devotion.
You visited 3 branches of the dungeon, and saw 13 of its levels.

You collected 377 gold pieces.
You spent 38 gold pieces at shops.

Inventory:

Hand Weapons
 t - a +0 vorpal shortbow
Missiles
 f - 3 datura-tipped darts
 g - 44 poisoned darts (quivered)
 l - 2 curare-tipped darts
 n - 154 arrows
 v - 18 bolts
 D - 3 boomerangs of dispersal
Jewellery
 i - a ring of protection from fire
 j - a +6 ring of intelligence
 m - a ring of flight
 p - an amulet of reflection
 q - an amulet of guardian spirit (around neck)
 w - a ring of magical power (left hand)
 y - a +4 ring of protection (right hand)
Wands
 o - a wand of paralysis (8)
 A - a wand of iceblast (9)
Scrolls
 b - 3 scrolls of immolation {unknown}
 h - a scroll of magic mapping {unknown}
 k - 2 scrolls of teleportation
 r - a scroll of enchant armour {unknown}
 u - a scroll of fear
 z - a scroll of fog {unknown}
Potions
 a - 2 potions of flight
 c - a potion of resistance
 e - 2 potions of curing
 s - 2 potions of cancellation
 x - a potion of attraction {unknown}
 C - a potion of mutation {unknown}
Miscellaneous
 B - a piece from Xom's chessboard (15/15)


   Skills:
 + Level 7.7 Fighting
 + Level 6.4 Dodging
 - Level 1.7 Stealth
 * Level 12.3 Unarmed Combat
 + Level 8.7 Invocations


You had 10 spell levels left.
You didn't know any spells.
Your spell library contained the following spells:

 Spells                   Type           Power      Damage    Failure   Level
 Summon Ice Beast         Ice/Summ       0%         N/A       96%         4
 Summon Forest            Summ/Tloc      0%         N/A       100%        5
 Summon Mana Viper        Hex/Summ       0%         N/A       100%        5
 Shadow Creatures         Summ           N/A        N/A       100%        6
 Monstrous Menagerie      Summ           0%         N/A       100%        7


Dungeon Overview and Level Annotations

Branches:
Dungeon (10/15)            Temple (1/1) D:4            Lair (2/6) D:10
  Swamp: Lair:2-4    Shoals: Lair:2-4     Snake: Lair:2-4    Spider: Lair:2-4
    Orc: D:9-12

Altars:
Ashenzari
Cheibriados
Dithmenos
Elyvilon
Fedhas
Gozag
Hepliaklqana
Kikubaaqudgha
Makhleb
Okawaru
Qazlal
Ru
Sif Muna
Trog
Uskayaw
Vehumet
Wu Jian
Xom
Yredelemnul
The Shining One
Beogh

Shops:
D:7 ?   D:9 [(*(:

Annotations:
D:4 1 runed translucent door, Crazy Yiuf
D:6 Pikel
D:10 2 transporters


Innate Abilities, Weirdness & Mutations

You can breathe blasts of noxious fumes.
Your lurid green scales are hard. (AC +7)
You cannot fit into any form of body armour.
Your system is resistant to poisons. (rPois)
You are cold-blooded and may be slowed by cold attacks.


Message History

You punch the boulder beetle!
You tail-slap the boulder beetle, but do no damage.
The boulder beetle is heavily wounded.
You catch the helpless boulder beetle completely off-guard!
You punch the boulder beetle!
The boulder beetle is severely wounded.
The boulder beetle seems less confused.
The boulder beetle bites you!
* * * LOW HITPOINT WARNING * * *
You punch the boulder beetle!
You tail-slap the boulder beetle, but do no damage.
The boulder beetle is severely wounded.
The boulder beetle bites you!
* * * LOW HITPOINT WARNING * * *
You can now pass through a line of other dancers.
You hit the boulder beetle but do no damage.
You tail-slap the boulder beetle.
The boulder beetle is severely wounded.
The boulder beetle bites you!!
* * * LOW HITPOINT WARNING * * *
Unknown command.
Okay, then.
You hit the boulder beetle but do no damage.
The boulder beetle is severely wounded.
The boulder beetle bites you but does no damage.
You hit the boulder beetle but do no damage.
You tail-slap the boulder beetle, but do no damage.
The boulder beetle is severely wounded.
You hit the boulder beetle but do no damage.
You punch the boulder beetle, but do no damage.
The boulder beetle is severely wounded.
The boulder beetle barely misses you.
You punch the boulder beetle!
You tail-slap the boulder beetle, but do no damage.
The boulder beetle is almost dead.
The boulder beetle barely misses you.
You hit the boulder beetle but do no damage.
You punch the boulder beetle, but do no damage.
The boulder beetle is almost dead.
The boulder beetle bites you!
You die...

#P.... ......#.
###....P.P.
##.....##...
#####.....##..≈.
##.P......##..≈≈≈
#........##..≈≈≈≈
#....<.##..≈≈≈≈≈
P.......#@B.≈≈≈≈≈≈
.......####..≈≈≈≈≈
......# #..≈≈≈≈
.....# #..≈≈≈
..... #..≈. ...#
#... ..# .## #


You could see a boulder beetle.

Vanquished Creatures
  2 two-headed ogres
  Erica (D:8)
  Nergalle (D:10)
  A troll (D:10)
  A hornet (D:9)
  Prince Ribbit (D:5)
  Eustachio (D:6)
  A wyvern (D:8)
  3 steam dragons
  6 yaks (D:9)
  Grum (D:10)
  Menkaure (D:5)
  Duvessa (D:6)
  3 sky beasts
  An orc warrior (D:9)
  4 necrophages (D:9)
  An ogre (D:4)
  A black bear (D:4)
  A hornet zombie (D:8)
  2 wolves (D:10)
  5 centaurs (D:9)
  3 kobold brigands
  2 bullfrogs
  A gnoll sergeant (D:10)
  3 scorpions (D:5)
  Dowan (D:6)
  A water moccasin skeleton (D:5)
  3 killer bees (D:9)
  6 wights
  An electric eel (Lair:2)
  A bullfrog zombie (D:6)
  2 centaur zombies
  A gnoll shaman (D:10)
  3 hounds (D:5)
  2 bullfrog skeletons
  Ijyb (D:5)
  3 orc wizards
  A hound zombie (D:5)
  A hound skeleton (D:5)
  A mummy (D:9)
  3 howler monkey zombies
  8 gnolls (D:10)
  2 adders
  A shadow imp (D:7)
  A white imp (D:6)
  An adder skeleton (D:4)
  2 dart slugs (D:4)
  14 orcs
  2 endoplasms
  A giant cockroach (D:4)
  2 goblins
  3 hobgoblins
  A bat (D:2)
  A frilled lizard (D:2)
  17 kobolds
  A rat (D:2)
136 creatures vanquished.

Vanquished Creatures (others)
  7 fungi (D:7)
  A plant (Lair:2)
  A withered plant (D:9)
9 creatures vanquished.

Grand Total: 145 creatures vanquished

Notes
Turn   | Place    | Note
-------+----------+-------------------------------------------
     0 | D:1      | nxtlvl the Draconian Monk began the quest for the Orb.
     0 | D:1      | Reached XP level 1. HP: 19/19 MP: 1/1
   339 | D:3      | Reached XP level 2. HP: 8/26 MP: 2/2
   408 | D:4      | Reached skill level 4 in Unarmed Combat
   410 | D:4      | Found a staircase to the Ecumenical Temple.
   420 | D:4      | Noticed an ogre
   511 | Temple   | Entered the Ecumenical Temple
   608 | Temple   | Became a worshipper of Uskayaw the Reveller
   608 | Temple   | Reached * piety under Uskayaw
   680 | D:4      | Noticed a black bear
   699 | D:4      | Killed an ogre
   700 | D:4      | Reached skill level 5 in Unarmed Combat
   700 | D:4      | Reached XP level 3. HP: 29/31 MP: 3/3
   700 | D:4      | Reached XP level 4. HP: 35/38 MP: 4/4
   749 | D:4      | Reached ** piety under Uskayaw
   755 | D:4      | Reached *** piety under Uskayaw
   759 | D:4      | Killed a black bear
   760 | D:4      | Reached skill level 6 in Unarmed Combat
   760 | D:4      | Reached skill level 1 in Invocations
   760 | D:4      | Reached XP level 5. HP: 5/45 MP: 1/6
   877 | D:4      | Found a runed translucent door.
   878 | D:4      | Noticed Crazy Yiuf
   985 | D:5      | Entered Level 5 of the Dungeon
  1026 | D:5      | Noticed Ijyb
  1062 | D:5      | Killed Ijyb
  1063 | D:5      | Reached XP level 6. HP: 12/51 MP: 7/7
  1145 | D:5      | Found a snail-covered altar of Cheibriados.
  1204 | D:5      | Noticed Menkaure
  1359 | D:6      | Noticed an orc warrior
  1409 | D:6      | Noticed Pikel
  1496 | D:5      | Reached skill level 7 in Unarmed Combat
  1542 | D:5      | Your scales start taking on a lurid green colour.
  1542 | D:5      | Reached XP level 7. HP: 7/57 MP: 9/9
  1542 | D:5      | Gained mutation: Your system is resistant to poisons.
                  | (rPois) [Green Draconian growth]
  1628 | D:5      | Reached skill level 8 in Unarmed Combat
  1671 | D:5      | Killed Menkaure
  1746 | D:5      | Noticed Prince Ribbit
  1759 | D:5      | Killed Prince Ribbit
  1760 | D:5      | Reached skill level 9 in Unarmed Combat
  1760 | D:5      | Reached skill level 5 in Invocations
  1760 | D:5      | Reached XP level 8. HP: 35/63 MP: 7/11
  1779 | D:6      | Noticed Eustachio
  2058 | D:6      | Killed Eustachio
  2181 | D:6      | Noticed Duvessa
  2183 | D:6      | Noticed Dowan
  2194 | D:6      | Killed Duvessa
  2203 | D:6      | Killed Dowan
  2224 | D:7      | Found Fafoih's Magic Scroll Emporium.
  2246 | D:7      | Bought a scroll of fear for 38 gold pieces
  2483 | D:8      | Reached XP level 9. HP: 72/72 MP: 13/13
  2513 | D:8      | Reached skill level 10 in Unarmed Combat
  2749 | D:8      | Reached skill level 5 in Fighting
  2952 | D:8      | Noticed a two-headed ogre
  2969 | D:8      | Killed a two-headed ogre
  2982 | D:8      | Noticed Erica
  3008 | D:8      | Reached **** piety under Uskayaw
  3011 | D:8      | Reached ***** piety under Uskayaw
  3015 | D:8      | Killed Erica
  3016 | D:8      | Reached skill level 5 in Dodging
  3016 | D:8      | Reached skill level 11 in Unarmed Combat
  3139 | D:9      | Found Viattaw's Weapon Shoppe.
  3187 | D:9      | Reached XP level 10. HP: 47/83 MP: 13/15
  3188 | D:9      | Found Gudd's Book Shop.
  3324 | D:9      | Found Zes Qou's Antique Armour Boutique.
  3438 | D:9      | Found Sysirr's Antique Weapon Boutique.
  3662 | D:9      | Found Qaguohuw's General Store.
  3874 | D:10     | Entered Level 10 of the Dungeon
  3911 | D:10     | Found a burning altar of Makhleb.
  3967 | D:10     | Noticed an ogre mage
  3967 | D:10     | Noticed an orc knight
  3972 | D:10     | Reached skill level 12 in Unarmed Combat
  4005 | D:10     | Noticed Nergalle
  4010 | D:10     | Noticed Grum
  4011 | D:10     | Killed Nergalle
  4038 | D:10     | Killed Grum
  4066 | D:10     | Identified the ring "Zadiot" {rC+ Int+2 Dex+4 Slay+6
                  | Stlth+}
  4067 | D:10     | Noticed a two-headed ogre
  4107 | D:10     | Found a transporter.
  4107 | D:10     | Found a transporter.
  4120 | D:10     | Noticed a two-headed ogre
  4127 | D:10     | Found a staircase to the Lair.
  4136 | D:10     | Killed a two-headed ogre
  4137 | D:10     | Reached XP level 11. HP: 53/93 MP: 16/17
  4153 | Lair:1   | Entered Level 1 of the Lair of Beasts
  4267 | Lair:2   | Noticed a boulder beetle
  4306 | Lair:2   | HP: 1/93 [boulder beetle (14)]
  4311 | Lair:2   | Demolished by a boulder beetle

Illustrated notes

Levels and vault maps discovered:
D:1:      elethiomel_arrival_infinity_welcomes_careful_drivers, layout_basic,
          shapermc_ecumenical_altar_flowoftime, minivault_24,
          chequers_decorated_corner, interstate_on_off
D:2:      layout_basic
D:3:      layout_basic, mainiacjoe_overflow_alcove_4,
          nemelex_diamond_rough_becter
D:4:      layout_basic, minmay_temple_entry_statues, serial_glass,
          glass_columns_a, glass_columns_a, uniq_crazy_yiuf_cottage
D:5:      layout_basic, mainiacjoe_overflow_tiny_flanked, uniq_ijyb,
          uniq_menkaure, uniq_prince_ribbit1
D:6:      layout_loops_cross, uniq_pikel, uniq_duvessa, uniq_eustachio
D:7:      kennysheep_steamy, layout_basic, serial_shops,
          nicolae_shop_competitors_out_of_business, due_unseen_surprise
D:8:      layout_basic, kennysheep_generic_room_14, uniq_erica
D:9:      layout_gridville, serial_shops, nicolae_shop_statue_plus,
          kennysheep_mini_moat, nicolae_lakefront_shop,
          nicolae_shop_behind_doors, nicolae_lakefront_shop, serial_undead,
          serial_undead_b, serial_undead_d, serial_undead_f, serial_undead_d
D:10:     gammafunk_beogh_shrine, layout_basic, lightli_temple_of_fire,
          lair_entry_dummy, uniq_psyche, uniq_grum, uniq_nergalle
Temple:   dpeg_five_rooms_temple
Lair:1:   layout_regular_city, serial_rivers, chequers_serial_rivers_small_b,
          chequers_serial_rivers_large_a, chequers_serial_rivers_micro_e,
          chequers_serial_rivers_large_b, chequers_serial_rivers_micro_c
Lair:2:   nzn_winding_woodlands_small [nzn_winding_woodlands_5x15_parted,
          nzn_winding_woodlands_center_pierced_h,
          nzn_winding_woodlands_5x15_pool], layout_hall_layers, swamp_mist,
          st_stairs_4, amcnicky_mini_pool_medium, lemuel_fruit_fields,
          uniq_gastronok

Skill      XL: |  1  2  3  4  5  6  7  8  9 10 |
---------------+-------------------------------+-----
Unarmed Combat | 5 6 7 9 11 12 | 12.3
Invocations    | 1 2 3 5 6 7 8 |  8.7
Dodging        | 3 5 6 |  6.4
Fighting       | 4 6 7 |  7.7
Stealth        | |  1.7

Action                   |  1- 3 |  4- 6 |  7- 9 | 10-12 || total
-------------------------+-------+-------+-------+-------++-------
Melee: Unarmed           |    50 |   128 |   224 |   227 ||   629
       Tailslap          |     4 |    14 |    45 |    36 ||    99
       Punch             |       |     3 |    10 |    21 ||    34
Throw: Dart              |     6 |    26 |    31 |     3 ||    66
Invok: Stomp             |       |     1 |     4 |       ||     5
       Grand Finale      |       |       |       |     1 ||     1
 Abil: Breathe Noxious F |       |       |    19 |    11 ||    30
Evoke: Wand              |       |     2 |     6 |     1 ||     9
  Use: Scroll            |       |     3 |     4 |       ||     7
       Potion            |       |     3 |     3 |     1 ||     7
 Stab: Invisible         |       |     6 |       |       ||     6
       Sleeping          |       |     1 |     1 |       ||     2
       Confused          |       |       |    13 |    12 ||    25
       Paralysed         |       |       |       |    15 ||    15
Armor: Skin              |     9 |    41 |    48 |    60 ||   158
Dodge: Dodged            |    24 |    78 |   103 |   139 ||   344
Block: Other             |       |       |    23 |       ||    23
